[Event "ICC tourney 2545 (5 3)"]
[Site "Internet Chess Club"]
[Date "2021.04.11"]
[Round "3"]
[White "Giallorossi"]
[Black "Z3N"]
[Result "1/2-1/2"]
[ICCResult "Game drawn by mutual agreement"]
[WhiteElo "1379"]
[BlackElo "1519"]
[Opening "QGD: Charousek (Petrosian) variation"]
[ECO "D31"]
[NIC "QP.08"]
[Time "14:52:52"]
[TimeControl "300+3"]

1. d4 d5 2. c4 e6 3. Nc3 Be7 4. cxd5 exd5 5. Bf4 Nf6 6. e3 Bf5 7. Bd3 Bxd3
8. Qxd3 c6 9. Nf3 Bd6 10. Bg5 Nbd7 11. O-O O-O 12. Rab1 h6 13. Bh4 g5 14.
Bg3 Bxg3 15. hxg3 Qe7 16. b4 Ne4 17. b5 f5 18. bxc6 bxc6 19. Rb7 Qe6 20.
Rfb1 f4 21. gxf4 gxf4 22. Rc7 fxe3 23. Qxe3 Rf7 24. Rbb7 Raf8 25. Rxa7 Nb6
26. Rxf7 Rxf7 27. Rxf7 Kxf7 28. Ne5+ Ke7 29. Nxe4 dxe4 30. Qxe4 Qxa2 31.
Qxc6 Qa1+ 32. Kh2 Qxd4 33. Qc7+ Ke6 34. Nf3 Qxf2 35. Qc6+ Ke7 36. Qxh6 Qc5
37. Qg7+ Ke6 38. Ng5+ Kf5 39. Nf3 Qd6+ 40. Kh3 Nd7 41. Qg5+ Ke4 42. Qg4+ Ke3
43. Qg5+ Ke4 44. Nd2+ Kd3 45. Nf3 Qe6+ 46. Qg4 Qh6+ 47. Kg3 Qd6+ 48. Qf4
Qg6+ 49. Qg4 Qd6+ 50. Kf2 Qc5+ 51. Kg3 Qd6+ 52. Kf2
{Game drawn by mutual agreement}
1/2-1/2

[Event "ICC tourney 2545 (5 3)"]
[Site "Internet Chess Club"]
[Date "2021.04.11"]
[Round "3"]
[White "SamerOnFire"]
[Black "fishmaster"]
[Result "0-1"]
[ICCResult "White resigns"]
[WhiteElo "1612"]
[BlackElo "2063"]
[Opening "Giuoco Pianissimo"]
[ECO "C55"]
[NIC "IG.01"]
[Time "14:53:43"]
[TimeControl "300+3"]

1. e4 e5 2. Nf3 Nc6 3. Bc4 Nf6 4. d3 Bc5 5. O-O O-O 6. c3 d5 7. exd5 Nxd5 8.
Re1 Bg4 9. h3 Bh5 10. Nbd2 Nb6 11. Bb3 Qxd3 12. Bc2 Qd8 13. Qe2 Re8 14. Ne4
Bf8 15. Ng3 Bg6 16. Bg5 f6 17. Rad1 Qe7 18. Bc1 Bxc2 19. Qxc2 g6 20. a4 a5
21. Nd4 Qf7 22. Nb5 Rad8 23. Be3 f5 24. Nxc7 Qxc7 25. Qb3+ Nd5 26. Rxd5 Rxd5
27. Qxd5+ Qf7 28. Qxf7+ Kxf7 29. Bb6 e4 30. Nf1 Ne5 31. Bxa5 Nd3 32. Re2 Ra8
33. b4 Bg7 34. c4 b6 35. Bxb6 Rxa4 36. Rc2 Nxb4 37. Rc1 Nd3 38. Rc2 Ke6 39.
c5 Bd4 40. g3 Ra8 41. Nd2 Bxf2+ 42. Kg2 Bd4 43. Kf1 Ra1+ 44. Kg2 Ne1+
{White resigns}
0-1

[Event "ICC tourney 2545 (5 3)"]
[Site "Internet Chess Club"]
[Date "2021.04.11"]
[Round "3"]
[White "Skydancer52"]
[Black "FootstepsOfDawn"]
[Result "1-0"]
[ICCResult "Black resigns"]
[WhiteElo "1400"]
[BlackElo "979"]
[Opening "Benko's opening"]
[ECO "A00"]
[NIC "VO.09"]
[Time "14:54:03"]
[TimeControl "300+3"]

1. g3 e5 2. Bg2 d5 3. d3 Nf6 4. Bg5 Be7 5. Nd2 Nc6 6. e3 O-O 7. Ne2 b6 8. a3
a5 9. O-O Ba6 10. Nc1 e4 11. Ndb3 Ng4 12. Bxe7 Nxe7 13. Re1 Ne5 14. Nd4 c5
15. Nde2 c4 16. d4 Nf3+ 17. Bxf3 exf3 18. Nc3 Qd7 19. Qxf3 Bb7 20. N1e2 b5
21. Nf4 Rfe8 22. h3 Ng6 23. Qg4 Qxg4 24. hxg4 Bc8 25. Nfxd5 Ra7 26. f3 Ba6
27. Kf2 b4 28. axb4 axb4 29. Nxb4 Re6 30. Nbd5 Rb7 31. Reb1 Rd6 32. e4 Nf8
33. e5 Rc6 34. f4 Ne6 35. Ke3 g6 36. Nf6+ Kg7 37. Ne8+ Kf8 38. Nd6 Rd7 39.
Na4 f6 40. Nc5 Ra7 41. c3 fxe5 42. fxe5 Nxc5 43. dxc5 Rxc5 44. Kf4 Ke7 45.
b4 Rd5 46. Nc8+ Ke6 47. Nxa7 Rxe5 48. Rxa6+ {Black resigns} 1-0

[Event "ICC tourney 2545 (5 3)"]
[Site "Internet Chess Club"]
[Date "2021.04.11"]
[Round "3"]
[White "schakraborty148"]
[Black "ren"]
[Result "1-0"]
[ICCResult "Black checkmated"]
[WhiteElo "1279"]
[BlackElo "1336"]
[Opening "Alekhine's defense"]
[ECO "B02"]
[NIC "AL.10"]
[Time "14:52:43"]
[TimeControl "300+3"]

1. e4 Nf6 2. Nc3 g6 3. Nf3 Bg7 4. d4 O-O 5. Bc4 c6 6. O-O b5 7. Bd3 d5 8. e5
Nh5 9. h3 Bh8 10. Be3 a5 11. a3 Be6 12. Re1 f5 13. exf6 exf6 14. Bd2 Nd7 15.
Rxe6 Rc8 16. Re1 Re8 17. Rf1 Nf8 18. Be3 f5 19. Be2 Nf6 20. Bg5 Qd6 21. Bxf6
Bxf6 22. Bd3 b4 23. axb4 axb4 24. Ne2 Bd8 25. c3 bxc3 26. Nxc3 Ne6 27. Re1
Rf8 28. Ne5 Nxd4 29. Ba6 Rc7 30. Qxd4 Bf6 31. Re2 Re7 32. Rae1 Rfe8 33. f4
g5 34. g3 Kg7 35. Bd3 gxf4 36. gxf4 Bxe5 37. fxe5 Qg6+ 38. Rg2 Re6 39. Rxg6+
Rxg6+ 40. Kh1 Ree6 41. Qa7+ Kh6 42. Qe3+ Kg7 43. Rg1 Rxg1+ 44. Qxg1+ Kf7 45.
Bxf5 Rxe5 46. Qf1 Kg7 47. Qg1+ Kf7 48. Bxh7 Re7 49. Qg6+ Kf8 50. Qg8#
{Black checkmated}
1-0

[Event "ICC tourney 2545 (5 3)"]
[Site "Internet Chess Club"]
[Date "2021.04.11"]
[Round "3"]
[White "CoachConor"]
[Black "wiiiiiieee"]
[Result "0-1"]
[ICCResult "White resigns"]
[WhiteElo "1049"]
[BlackElo "1377"]
[Opening "Caro-Kann defense"]
[ECO "B10"]
[NIC "CK.01"]
[Time "14:53:37"]
[TimeControl "300+3"]

1. e4 c6 2. c3 d5 3. Bd3 dxe4 4. Bxe4 Nf6 5. Qe2 Nxe4 6. Qxe4 Nd7 7. Nf3 Nc5
8. Qe2 Nd3+ 9. Kf1 Nxc1 10. Qe4 Qd3+ 11. Qxd3 Nxd3 12. Ke2 Nxb2 13. d4 Bf5
14. Nbd2 O-O-O 15. Ne5 Be6 16. Rhe1 f6 17. Nef3 Bf7 18. Rab1 Nc4 19. Kf1
Nxd2+ 20. Nxd2 e5 21. d5 Rxd5 22. Red1 Ra5 23. c4 Rxa2 24. Ne4 Bxc4+ 25. Kg1
Bd5 26. Ng3 Bc5 27. Kf1 Rxf2+ 28. Ke1 Rxg2 29. Nf5 Be4 30. Rbc1 Bb4+ 31. Kf1
Rxh2 32. Ne3 Bf3 33. Rd3 Be2+ 34. Kg1 Bxd3 35. Kxh2 Bd2 36. Rd1 Bxe3 37.
Rxd3 Bf4+ 38. Kg2 Rd8 39. Rf3 Rd2+ 40. Kf1 h5 41. Ke1 Rh2 42. Rf1 h4 43. Kd1
g5 44. Rg1 h3 45. Ke1 Ra2 46. Kd1 Ra1+ 47. Ke2 Rxg1 {White resigns} 0-1

[Event "ICC tourney 2545 (5 3)"]
[Site "Internet Chess Club"]
[Date "2021.04.11"]
[Round "3"]
[White "skot"]
[Black "Abix4"]
[Result "1-0"]
[ICCResult "Black forfeits on time"]
[WhiteElo "2033"]
[BlackElo "1648"]
[Opening "Sicilian: Nimzovich-Rossolimo attack (without ...d6)"]
[ECO "B30"]
[NIC "SI.31"]
[Time "14:52:58"]
[TimeControl "300+3"]

1. e4 c5 2. Nf3 Nc6 3. Bb5 d6 4. O-O e5 5. c3 Bg4 6. d4 exd4 7. cxd4 cxd4 8.
Qa4 Bd7 9. Nxd4 Nxd4 10. Bxd7+ Qxd7 11. Qxd4 Nf6 12. Nc3 Be7 13. h3 O-O 14.
Bf4 a6 15. Rad1 Rad8 16. Rfe1 Rfe8 17. Nd5 Nxd5 18. Qxd5 Qc6 19. Rd2 Bf8 20.
f3 Re6 21. Qxc6 bxc6 22. Red1 h6 23. Kf1 g6 24. b3 f5 25. exf5 gxf5 26. Rc2
d5 27. Re1 Rde8 28. Rce2 Rxe2 29. Rxe2 Rxe2 30. Kxe2 h5 31. Be5 Kf7 32. Kd3
c5 33. Bg3 Ke6 34. Bf2 Bd6 35. Ke3 a5 36. Be1 Bc7 37. Kd3 Bb6 38. Bc3 d4 39.
Bd2 Kd5 40. Be1 Bd8 41. Bd2 Bb6 42. Bg5 Bc7 43. Be7 Bb6 44. g4 fxg4 45. fxg4
hxg4 46. hxg4 a4 47. Bf8 axb3 48. axb3 Bd8 49. Bh6 Be7 50. g5 Ke6 51. Ke4
Kf7 52. Kf5 Kg8 53. g6 Bf8 54. Bf4 Kg7 55. Be5+ Kg8 56. Ke6
{Black forfeits on time}
1-0

[Event "ICC tourney 2545 (5 3)"]
[Site "Internet Chess Club"]
[Date "2021.04.11"]
[Round "3"]
[White "Jude"]
[Black "MillzGambit"]
[Result "1-0"]
[ICCResult "Black checkmated"]
[WhiteElo "1645"]
[BlackElo "1357"]
[Opening "QGD Slav: 4.Nc3"]
[ECO "D15"]
[NIC "SL.03"]
[Time "14:52:54"]
[TimeControl "300+3"]

1. d4 d5 2. Nf3 Nf6 3. c4 c6 4. Nc3 Qc7 5. cxd5 cxd5 6. Bg5 Ne4 7. Rc1 Nxg5
8. Nxg5 Qa5 9. e3 e6 10. Bb5+ Bd7 11. Bxd7+ Nxd7 12. O-O Be7 13. Qh5 g6 14.
Qh6 Bxg5 15. Qxg5 Qb4 16. Rc2 h6 17. Qf4 a6 18. Rfc1 g5 19. Qf3 O-O 20. h4
Qe7 21. hxg5 Kh7 22. gxh6 Rg8 23. g3 Rg6 24. Kg2 Rag8 25. Ne2 Rxh6 26. Rh1
Rxh1 27. Kxh1 Nf6 28. Qf4 Rg4 29. Qb8 Ne4 30. Nf4 Qf6 31. Qe5 Qxe5 32. dxe5
Rg5 33. Nd3 Kg7 34. Kg2 Rh5 35. f3 Ng5 36. f4 Ne4 37. Nc5 Rh8 38. Nxe4 dxe4
39. g4 Rd8 40. Kf2 Rh8 41. Kg3 Rh1 42. Rc4 Rb1 43. Rb4 b5 44. f5 Rg1+ 45.
Kf4 exf5 46. gxf5 Kh6 47. a4 bxa4 48. Rxa4 Rb1 49. Rxa6+ Kh5 50. Rb6 Rc1 51.
Kxe4 Rc4+ 52. Kd5 Rc8 53. e6 f6 54. e7 Kg5 55. Ke6 Rh8 56. Kd7 Kxf5 57. e8=Q
Rh7+ 58. Kd8 Rh3 59. Qd7+ Kg5 60. Qxh3 f5 61. Qg3+ Kh5 62. Rg6 f4 63. Qg4#
{Black checkmated}
1-0

[Event "ICC tourney 2545 (5 3)"]
[Site "Internet Chess Club"]
[Date "2021.04.11"]
[Round "3"]
[White "Python64"]
[Black "mathman"]
[Result "1-0"]
[ICCResult "Black forfeits on time"]
[WhiteElo "1779"]
[BlackElo "2207"]
[Opening "English: Sicilian reversed"]
[ECO "A25"]
[NIC "EO.20"]
[Time "14:53:43"]
[TimeControl "300+3"]

1. c4 e5 2. Nc3 Nc6 3. g3 Bc5 4. Bg2 a6 5. e3 Ba7 6. Nge2 h5 7. d4 h4 8. O-O
d6 9. Rb1 Bf5 10. e4 Bd7 11. Be3 Nf6 12. d5 Ne7 13. Bxa7 Rxa7 14. b4 hxg3
15. hxg3 Ng4 16. Qd2 Nh2 17. Rfc1 Qc8 18. Qe3 Ra8 19. f3 Ng8 20. c5 Qd8 21.
Kf2 Nh6 22. Ke1 g5 23. g4 Qf6 24. Kd2 Ng8 25. Rh1 Ne7 26. Ng3 Rh4 27. Nh5
Qh6 28. Qg1 Nxg4 29. fxg4 Bxg4 30. Ng3 Kd7 31. Rf1 Rf8 32. cxd6 Qxd6 33. Qe3
Qg6 34. Nf5 Nxf5 35. exf5 Bxf5 36. Rxf5 Rxh1 37. Rxg5 Qh6 38. Bxh1 Qxh1 39.
Rxe5 Qa1 40. Re7+ Kd8 41. d6 Qb2+ 42. Kd3 cxd6 43. Rxb7 {Black forfeits on
time} 1-0

[Event "ICC tourney 2545 (5 3)"]
[Site "Internet Chess Club"]
[Date "2021.04.11"]
[Round "3"]
[White "hansup"]
[Black "marinaxiao"]
[Result "0-1"]
[ICCResult "White resigns"]
[WhiteElo "1551"]
[BlackElo "1374"]
[Opening "Queen's pawn game"]
[ECO "A45"]
[NIC "QP.07"]
[Time "14:52:52"]
[TimeControl "300+3"]

1. d4 Nf6 2. Nc3 g6 3. Bf4 Bg7 4. e3 d6 5. h4 Nc6 6. f3 Nh5 7. Bh2 e5 8. g3
exd4 9. exd4 Nxd4 10. Ne4 Nc6 11. Ng5 Qe7+ 12. Qe2 Qxe2+ 13. Nxe2 Bxb2 14.
Rb1 Bg7 15. g4 Nf6 16. Nf4 Nd4 17. Bc4 O-O 18. c3 Nc6 19. h5 gxh5 20. gxh5
h6 21. Ne4 Nxe4 22. fxe4 Bxc3+ 23. Kd1 Bg4+ 24. Kc2 Bg7 25. Ng6 Rfe8 26.
Rbf1 Be6 27. Bd5 Bxd5 28. exd5 Nd4+ 29. Kd3 fxg6 30. hxg6 Rf8 31. Bf4 Nf5
32. Re1 Rae8 33. a4 Rxe1 34. Rxe1 a6 35. Bd2 Be5 36. Ba5 b6 37. Bd2 Kg7 38.
Rg1 Nd4 39. Rc1 Rc8 40. Be3 Nf5 41. Bxb6 Kxg6 42. Bxc7 Kf6 43. Rc2 h5 44. a5
h4 45. Ke4 Ng3+ 46. Kd3 Kg6 47. Ke3 h3 48. Kf3 Nf5 49. Rc4 Nd4+ 50. Rxd4
Bxd4 51. Bxd6 Rd8 52. Bh2 Rxd5 53. Ke4 Rd8 54. Kf3 Bc3 55. Kg4 Rh8 56. Kf3
Kf5 57. Kf2 Be5 58. Kg1 Bxh2+ 59. Kxh2 Ke5 60. Kh1 h2 61. Kg2 h1=Q+
{White resigns}
0-1

[Event "ICC tourney 2545 (5 3)"]
[Site "Internet Chess Club"]
[Date "2021.04.11"]
[Round "3"]
[White "RoadToFM2007"]
[Black "B9"]
[Result "1-0"]
[ICCResult "Black resigns"]
[WhiteElo "1731"]
[BlackElo "1792"]
[Opening "Sicilian: closed"]
[ECO "B23"]
[NIC "SI.44"]
[Time "14:53:43"]
[TimeControl "300+3"]

1. e4 c5 2. Nc3 d6 3. d4 cxd4 4. Qxd4 Nc6 5. Qd2 Nf6 6. b3 e6 7. Bb2 a6 8.
f3 Be7 9. O-O-O Qc7 10. Kb1 b5 11. g4 O-O 12. h4 Bb7 13. h5 Nd7 14. g5 Rac8
15. g6 fxg6 16. hxg6 hxg6 17. Qh2 Nf6 18. Bh3 Nd8 19. a3 Qc5 20. Nge2 Nh5
21. Bg4 Rc7 22. Bxh5 gxh5 23. Qxh5 Qxh5 24. Rxh5 Rxf3 25. Rhh1 Rc5 26. Rhg1
Rg5 27. Rxg5 Bxg5 28. Rxd6 Bf6 29. e5 Bg5 30. Nd4 Rf1+ 31. Ka2 Nf7 32. Rxe6
Rf2 33. Rb6 Nd8 34. Rg6 Be3 35. Nd1 Bxd4 36. Nxf2 Bxf2 37. e6 Bh4 38. Rxg7+
Kf8 39. Rh7 Bg5 40. Bc3 Be4 41. Bb4+ Kg8 42. e7 Kxh7 43. e8=Q Bg6 44. Qd7+
Kh6 45. Be7 Nf7 46. Bxg5+ Kxg5 47. Qa7 Ne5 48. Qxa6 Be8 49. Qe6 {Black
resigns} 1-0

[Event "ICC tourney 2545 (5 3)"]
[Site "Internet Chess Club"]
[Date "2021.04.11"]
[Round "3"]
[White "tmrs"]
[Black "Arunmass1"]
[Result "0-1"]
[ICCResult "White forfeits on time"]
[WhiteElo "1623"]
[BlackElo "1518"]
[Opening "Grünfeld: modern exchange variation"]
[ECO "A05"]
[NIC "EO.52"]
[Time "14:52:32"]
[TimeControl "300+3"]

1. Nf3 Nf6 2. c4 g6 3. Nc3 d5 4. cxd5 Nxd5 5. d4 Bg7 6. e4 Nxc3 7. bxc3 c5
8. Bb2 Qa5 9. Be2 cxd4 10. Nxd4 O-O 11. O-O Rd8 12. Qb3 Nc6 13. Rad1 Ne5 14.
Ba3 Bg4 15. f3 Bd7 16. Bxe7 Ba4 17. Qa3 Rdc8 18. Bb4 Qb6 19. Qxa4 Nc4 20.
Bxc4 Rxc4 21. Kh1 a5 22. Nc2 Qa6 23. Ne3 b5 24. Qxa5 Qxa5 25. Bxa5 Rxa5 26.
Rd8+ Bf8 27. Nxc4 bxc4 28. Ra1 Kg7 29. Rc8 Ra4 30. Kg1 Ba3 31. Rb8 Bd6 32.
Rb5 f6 33. h3 Be5 34. Kf1 Bxc3 35. Rc1 Be5 36. Rb7+ Kh6 37. a3 Rxa3 38. Rxc4
Ra1+ 39. Ke2 Ra2+ 40. Kd3 Rxg2 41. Ke3 Rg3 42. h4 Rh3 43. Rc6 Rxh4 44. Rd7
Kg5 45. Rd5 Rh3 46. Rc1 h5 47. Rg1+ Kh6 48. Rd7 g5 49. Rf7 Kg6 50. Rb7 g4
51. Ke2 Rxf3 52. Rbb1 Kg5 53. Rbf1 Ra3 54. Rf5+ Kg6 55. Rh1 Ra2+ 56. Kd3 Bh2
57. Rhf1 Ra3+ 58. Kc4 Be5 59. Rh1 Rh3 {White forfeits on time} 0-1

[Event "ICC tourney 2545 (5 3)"]
[Site "Internet Chess Club"]
[Date "2021.04.11"]
[Round "3"]
[White "Bob73"]
[Black "Radja"]
[Result "1/2-1/2"]
[ICCResult "Game drawn by repetition"]
[WhiteElo "1653"]
[BlackElo "2158"]
[Opening "Caro-Kann: Panov-Botvinnik attack"]
[ECO "B13"]
[NIC "CK.03"]
[Time "14:53:18"]
[TimeControl "300+3"]

1. e4 c6 2. d4 d5 3. exd5 cxd5 4. c4 Nf6 5. Nc3 Nc6 6. Nf3 Bg4 7. cxd5 Nxd5
8. Qb3 Bxf3 9. gxf3 e6 10. Qxb7 Nxd4 11. Bb5+ Nxb5 12. Qc6+ Ke7 13. Qxb5 Qd7
14. Nxd5+ Qxd5 15. Qxd5 exd5 16. Be3 Ke6 17. O-O Bb4 18. Rac1 Rhc8 19. Rxc8
Rxc8 20. a3 Bd6 21. Bxa7 Rc2 22. Bd4 f6 23. Re1+ Kf5 24. b4 Rd2 25. Bc5 Bxc5
26. bxc5 Rc2 27. Re7 Rxc5 28. Rxg7 Ra5 29. Rxh7 Rxa3 30. Rh5+ Ke6 31. Kg2
Ra8 32. f4 Ra3 33. Rh8 Kf5 34. Rd8 Rd3 35. Rd6 Rd4 36. Kg3 Rd3+ 37. f3 Rd1
38. Kf2 Rd2+ 39. Ke3 Rxh2 40. Rxd5+ Ke6 41. Ra5 f5 42. Ra6+ Ke7 43. Ra3 Ke6
44. Kd4 Rd2+ 45. Rd3 Ra2 46. Re3+ Kf6 47. Rc3 Rd2+ 48. Kc5 Rd8 49. Rc4 Rd3
50. Rd4 Rc3+ 51. Kd5 Rxf3 52. Rc4 Rd3+ 53. Rd4 Rc3 54. Rb4 Rd3+ 55. Rd4 Ra3
56. Rc4 Rd3+ 57. Rd4 Rc3 58. Rb4 Rd3+ 59. Rd4 Rb3 60. Rc4 Rd3+ 61. Rd4 Ra3
62. Rc4 Rd3+ 63. Rd4 Ra3 64. Rc4 Rd3+ 65. Rd4 Rc3 {Game drawn by repetition}
1/2-1/2

[Event "ICC tourney 2545 (5 3)"]
[Site "Internet Chess Club"]
[Date "2021.04.11"]
[Round "3"]
[White "Vazulka"]
[Black "Sandeshbajaj"]
[Result "0-1"]
[ICCResult "White forfeits on time"]
[WhiteElo "1810"]
[BlackElo "1810"]
[Opening "French: Rubinstein variation"]
[ECO "C10"]
[NIC "FR.07"]
[Time "14:53:00"]
[TimeControl "300+3"]

1. e4 e6 2. d4 d5 3. Nc3 dxe4 4. Nxe4 Nd7 5. Nf3 Be7 6. Bd3 Ngf6 7. Nxf6+
Nxf6 8. O-O O-O 9. c3 b6 10. Bg5 Bb7 11. Qe2 h6 12. Bh4 Rc8 13. Rad1 Qd5 14.
a3 Qh5 15. Bg3 Bxf3 16. gxf3 Bd6 17. Kg2 Nd5 18. Qe4 Nf6 19. Qe2 a5 20. c4
Rce8 21. Rfe1 Re7 22. Qe3 Rfe8 23. Be5 Bxe5 24. dxe5 Nd7 25. b4 Nf8 26. f4
Rd7 27. Be2 Qg6+ 28. Qg3 Red8 29. Qxg6 Nxg6 30. Kf3 Rd4 31. Ke3 Rxd1 32.
Rxd1 Rxd1 33. Bxd1 Kf8 34. bxa5 bxa5 35. Bc2 Ne7 36. Kd4 Ke8 37. h4 Kd7 38.
Kc5 f6 39. Be4 f5 40. Bf3 Ng6 41. h5 Nxf4 42. Bb7 Nd3+ 43. Kb5 Nxe5 44. c5
c6+ 45. Kxa5 Kc7 46. Ba6 Nd7 47. Kb4 Nf6 48. Be2 e5 49. a4 e4 50. a5 Kb7 51.
a6+ Ka7 52. Kc4 Kxa6 53. Kd4+ Kb7 54. Ke5 Nd7+ 55. Kxf5 Nxc5 56. Kg6 Ne6 57.
Kf7 Nf4 58. Bg4 Nd3 59. Kxg7 Nxf2 60. Be2 Nh3 61. Kxh6 Nf4 62. Kg5 Ne6+ 63.
Kf6 Nf4 64. Kf5 Nxe2 65. h6 Ng3+ {White forfeits on time} 0-1

[Event "ICC tourney 2545 (5 3)"]
[Site "Internet Chess Club"]
[Date "2021.04.11"]
[Round "3"]
[White "MIEMBR"]
[Black "JustInIt"]
[Result "1/2-1/2"]
[ICCResult "Game drawn by repetition"]
[WhiteElo "1589"]
[BlackElo "1405"]
[Opening "Queen's pawn game, Darooha variation "]
[ECO "D02"]
[NIC "QP.08"]
[Time "14:53:23"]
[TimeControl "300+3"]

1. d4 d5 2. Nf3 Nf6 3. g3 Bf5 4. Bg2 e6 5. c4 c5 6. cxd5 Nxd5 7. Nc3 Be7 8.
O-O O-O 9. Bf4 Nc6 10. e3 Nxc3 11. bxc3 Be4 12. Qb3 Na5 13. Qb5 Bc6 14. Qe2
Rc8 15. Rfd1 Bf6 16. Ne5 Bxg2 17. Kxg2 Qe7 18. Rab1 b6 19. Ng4 Rfd8 20.
Nxf6+ Qxf6 21. h4 h6 22. Be5 Qe7 23. h5 Nc6 24. Bf4 f6 25. g4 e5 26. dxe5
Nxe5 27. c4 Qe6 28. Kg3 Qxc4 29. Qb2 Nd3 30. Qe2 Ne5 31. Qb2 Nc6 32. Rbc1
Qa4 33. Qe2 Rxd1 34. Rxd1 Rd8 35. Rxd8+ Nxd8 36. Qd3 Qe8 37. Qd5+ Ne6 38. e4
Kh8 39. Bd6 Nd4 40. e5 fxe5 41. Bxe5 Ne6 42. f4 Qf7 43. Qd6 Kg8 44. Qb8+ Nf8
45. Bd6 Qf6 46. Be5 Qf7 47. Bd6 Qf6 48. Be5 Qf7 49. Bd6 c4 50. Be5 Kh7 51.
Bc3 Nd7 52. Qc7 Qe6 53. Bd4 Qf7 54. Qd6 Nc5 55. Bxc5 bxc5 56. Qxc5 Qe6 57.
Qxa7 c3 58. Qd4 Qc6 59. Qd3+ Kg8 60. Qc2 Qc4 61. a4 Qd4 62. Qb3+ Kh7 63.
Qc2+ Kg8 64. Qb3+ Kh8 65. Qc2 Qd2 66. Qe4 c2 67. Qe8+ Kh7 68. Qg6+ Kg8 69.
Qe8+ Kh7 70. Qg6+ Kh8 71. Qe8+ Kh7 72. Qg6+ Kh8 73. Qe8+ Kh7 74. Qg6+ Kg8
75. Qe8+ Kh7 76. Qg6+ Kh8 77. Qe8+ Kh7 78. Qg6+ Kg8 79. Qe8+ Kh7 80. Qg6+
Kg8 81. Qe8+ Kh7 82. Qg6+ {Game drawn by repetition} 1/2-1/2

[Event "ICC tourney 2545 (5 3)"]
[Site "Internet Chess Club"]
[Date "2021.04.11"]
[Round "3"]
[White "DuckyBirdLover"]
[Black "architect22"]
[Result "1/2-1/2"]
[ICCResult "Game drawn by repetition"]
[WhiteElo "924"]
[BlackElo "1291"]
[Opening "Sicilian defense"]
[ECO "B20"]
[NIC "SI.48"]
[Time "14:52:32"]
[TimeControl "300+3"]

1. e4 c5 2. Bc4 e6 3. d3 Nc6 4. Nf3 g6 5. Nc3 a6 6. O-O d6 7. d4 cxd4 8.
Nxd4 Bg7 9. Nxc6 bxc6 10. b3 Bb7 11. Bb2 Nf6 12. Qd2 O-O 13. Rad1 Ne8 14.
Na4 d5 15. Bxg7 Kxg7 16. exd5 cxd5 17. Be2 Rc8 18. Qd4+ Kg8 19. Nc5 Ba8 20.
Nxa6 Rxc2 21. Rfe1 Rxa2 22. Rd3 Qg5 23. Nb4 e5 24. Qe3 Qxe3 25. Rxe3 Rb2 26.
Rxe5 Rxb3 27. Nxd5 f6 28. Bc4 Rb2 29. Rxe8 Bxd5 30. Rxf8+ Kxf8 31. Bxd5 Kg7
32. Re7+ Kf8 33. Re1 Kg7 34. Bf3 Kh6 35. Kf1 f5 36. h3 Kg5 37. g3 h5 38. Re2
Rb1+ 39. Re1 Rb2 40. h4+ Kf6 41. Kg2 g5 42. Re8 g4 43. Bd1 Rd2 44. Rh8 Rxd1
45. Rxh5 Ke5 46. Rg5 Rd8 47. h5 Rh8 48. f3 gxf3+ 49. Kxf3 Kf6 50. Kf4 Ke6
51. Rxf5 Rd8 52. Kg5 Rg8+ 53. Kf4 Rd8 54. h6 Rh8 55. Rh5 Kf6 56. Rf5+ Kg6
57. Rg5+ Kf6 58. Rg7 Rxh6 59. Rg4 Rh1 60. Rh4 Rf1+ 61. Kg4 Rg1 62. Rh6+ Kg7
63. Rh2 Ra1 64. Kf3 Ra3+ 65. Kg2 Kg6 66. Rh4 Kg5 67. Rb4 Ra2+ 68. Kf3 Ra3+
69. Kg2 Ra2+ 70. Kh3 Ra1 71. Rb5+ Kg6 72. Kg2 Ra4 73. Kh3 Ra3 74. Rc5 Rf3
75. Rd5 Ra3 76. Re5 Rf3 77. Kg4 Ra3 78. Kf4 Ra4+ 79. Re4 Ra5 80. g4 Ra1 81.
Re5 Rf1+ 82. Kg3 Rg1+ 83. Kh4 Rh1+ 84. Kg3 Rg1+ 85. Kf4 Rf1+ 86. Ke3 Rg1 87.
Kf3 Rf1+ 88. Kg2 Ra1 89. Kg3 Rg1+ 90. Kf4 Rf1+ 91. Kg3 Rg1+ 92. Kh4 Rh1+ 93.
Kg3 Rg1+ 94. Kf3 Rf1+ 95. Kg3 Rg1+ 96. Kh3 Rh1+ 97. Kg3 Rg1+ 98. Kf3 Rf1+
99. Kg3 {Game drawn by repetition} 1/2-1/2

[Event "ICC tourney 2545 (5 3)"]
[Site "Internet Chess Club"]
[Date "2021.04.11"]
[Round "3"]
[White "rj1234"]
[Black "ulff"]
[Result "1-0"]
[ICCResult "Black forfeits on time"]
[WhiteElo "1897"]
[BlackElo "1841"]
[Opening "Sicilian: Najdorf, Byrne (English) attack"]
[ECO "B90"]
[NIC "SI.14"]
[Time "14:52:51"]
[TimeControl "300+3"]

1. e4 c5 2. Nf3 d6 3. d4 cxd4 4. Nxd4 Nf6 5. Nc3 a6 6. Be3 e5 7. Nb3 Be6 8.
Be2 Be7 9. O-O Nbd7 10. Qd3 O-O 11. a4 b6 12. f4 exf4 13. Bxf4 Ne5 14. Qd4
Qc7 15. Kh1 Rfd8 16. Rae1 Nc6 17. Qe3 Ne5 18. Nd4 Nc4 19. Nxe6 fxe6 20. Qh3
Nxb2 21. Qxe6+ Kh8 22. Rf3 Qd7 23. Qb3 Nh5 24. Bc1 Bf6 25. Bxb2 Re8 26. Rff1
Qe7 27. Bxh5 Rf8 28. Nd5 Qe6 29. Nxf6 Qxb3 30. cxb3 h6 31. Nd7 Rfd8 32.
Bxg7+ Kxg7 33. Rf7+ Kh8 34. Nf6 Ra7 35. Rxa7 Rd7 36. Rxd7
{Black forfeits on time}
1-0

[Event "ICC tourney 2545 (5 3)"]
[Site "Internet Chess Club"]
[Date "2021.04.11"]
[Round "3"]
[White "Izaan-A"]
[Black "alekhsay"]
[Result "0-1"]
[ICCResult "White forfeits on time"]
[WhiteElo "994"]
[BlackElo "846"]
[Opening "Queen's pawn: Chigorin variation"]
[ECO "D00"]
[NIC "QP.08"]
[Time "14:52:16"]
[TimeControl "300+3"]

1. d4 d5 2. Nc3 Nf6 3. Bf4 a6 4. Qd2 e6 5. O-O-O Be7 6. Nf3 b5 7. Ne5 Nbd7
8. e3 Nxe5 9. Bxe5 Bd7 10. Bd3 b4 11. Ne2 a5 12. Rhe1 a4 13. c3 c5 14. cxb4
cxb4 15. Kb1 O-O 16. Nf4 Qb6 17. h4 b3 18. a3 Rfb8 19. Bxb8 Qxb8 20. h5 h6
21. g4 e5 22. Ne2 e4 23. Nf4 exd3 24. Qxd3 Bxg4 25. Rc1 Bxh5 26. Rc6 Bf3 27.
Rec1 Be4 28. Qxe4 Nxe4 29. Ka1 Qb7 30. Nxd5 Bh4 {White forfeits on time} 0-1

[Event "ICC tourney 2545 (5 3)"]
[Site "Internet Chess Club"]
[Date "2021.04.11"]
[Round "4"]
[White "ickyquarter"]
[Black "vaishnavdurgasi"]
[Result "1-0"]
[ICCResult "Black resigns"]
[WhiteElo "1669"]
[BlackElo "1357"]
[Opening "Ruy Lopez: Berlin defense, open variation"]
[ECO "C67"]
[NIC "RL.07"]
[Time "15:19:19"]
[TimeControl "300+3"]

1. e4 e5 2. Nf3 Nc6 3. Bb5 Nf6 4. O-O Nxe4 5. Re1 Nd6 6. Nxe5 Be7 7. Bf1 O-O
8. d4 Bf6 9. c3 Re8 10. Bf4 Qe7 11. Nd2 Nxe5 12. dxe5 Bxe5 13. Rxe5 Qxe5 14.
Bxe5 Rxe5 15. Nf3 {Black resigns} 1-0

[Event "ICC tourney 2545 (5 3)"]
[Site "Internet Chess Club"]
[Date "2021.04.11"]
[Round "4"]
[White "cornfed"]
[Black "SamerOnFire"]
[Result "1-0"]
[ICCResult "Black checkmated"]
[WhiteElo "1827"]
[BlackElo "1590"]
[Opening "King's Indian: Smyslov system"]
[ECO "E61"]
[NIC "KI.76"]
[Time "15:20:22"]
[TimeControl "300+3"]

1. Nf3 Nf6 2. c4 g6 3. Nc3 Bg7 4. d4 d6 5. Bg5 O-O 6. e3 c5 7. Be2 Nc6 8. d5
Na5 9. O-O h6 10. Bh4 a6 11. Qc2 g5 12. Bg3 b5 13. cxb5 axb5 14. Bxb5 Rb8
15. Rfd1 Bd7 16. Be2 Nh5 17. Nxg5 Nxg3 18. Qh7# {Black checkmated} 1-0

[Event "ICC tourney 2545 (5 3)"]
[Site "Internet Chess Club"]
[Date "2021.04.11"]
[Round "4"]
[White "sudhirkj"]
[Black "cocokiu"]
[Result "1-0"]
[ICCResult "Black checkmated"]
[WhiteElo "1322"]
[BlackElo "1314"]
[Opening "Polish (Sokolsky) opening"]
[ECO "A00"]
[NIC "VO.10"]
[Time "15:20:27"]
[TimeControl "300+3"]

1. b4 d5 2. Bb2 Nf6 3. a4 e6 4. b5 c6 5. e3 cxb5 6. axb5 Be7 7. Nf3 O-O 8.
Ng5 h6 9. h4 Nfd7 10. c4 dxc4 11. Bxc4 hxg5 12. hxg5 Bxg5 13. Qh5 Bh6 14.
Bxg7 Re8 15. Qxh6 Nf6 16. Qh8# {Black checkmated} 1-0

[Event "ICC tourney 2545 (5 3)"]
[Site "Internet Chess Club"]
[Date "2021.04.11"]
[Round "4"]
[White "tacticaltal"]
[Black "ROWLAND"]
[Result "0-1"]
[ICCResult "White resigns"]
[WhiteElo "1372"]
[BlackElo "1562"]
[Opening "Philidor: exchange variation"]
[ECO "C41"]
[NIC "KP.08"]
[Time "15:19:25"]
[TimeControl "300+3"]

1. e4 e5 2. Nf3 d6 3. d4 exd4 4. Nxd4 Nf6 5. Nc3 Be7 6. Bc4 O-O 7. O-O Nxe4
8. Bxf7+ Rxf7 9. Nxe4 d5 10. Ng3 c5 11. Nf3 d4 12. c3 Bg4 13. cxd4 Bxf3 14.
gxf3 cxd4 15. b3 Nc6 16. Bb2 Qd5 17. Ne4 Raf8 18. Kg2 Rxf3 19. Qxf3 Rxf3 20.
Kxf3 Qf5+ {White resigns} 0-1